 Dungeon Crawl Stone Soup version 0.21-a0-41-g5e91fef (webtiles) character file.

112 Duffy the Shield-Bearer (level 5, 0/41 HPs)
             Began as a Formicid Fighter on June 3, 2017.
             Killed by divine providence
             ... invoked by an orc priest
              (12 damage)
             ... on level 3 of the Dungeon.
             The game lasted 00:01:12 (1446 turns).

Duffy the Shield-Bearer (Formicid Fighter)          Turns: 1446, Time: 00:01:13

Health: 0/41       AC:  6    Str: 22    XL:     5   Next: 16%
Magic:  5/5        EV:  8    Int:  7    God:
Gold:   128        SH: 10    Dex: 10    Spells: 4/4 levels left

rFire    . . .     SeeInvis +   a - +0 war axe
rCold    . . .     Gourm    .   c - +0 shield
rNeg     . . .     Faith    .   b - +0 scale mail
rPois    .         Spirit   .   (helmet unavailable)
rElec    .         Reflect  .   (no cloak)
rCorr    .         Harm     .   (no gloves)
MR       .....                  (no boots)
Stlth    ..........             (no amulet)
Regen    0.2/turn               (no ring)
MPRegen  0.1/turn               (no ring)

@: no status effects
A: permanent stasis, dig shafts and tunnels, four strong arms, antennae 3
a: Dig, Shaft Self


You were on level 3 of the Dungeon.
You were not hungry.

You visited 1 branch of the dungeon, and saw 3 of its levels.

You collected 128 gold pieces.

Inventory:

Hand Weapons
 a - a +0 war axe (weapon)
Armour
 b - a +0 scale mail (worn)
 c - a +0 shield (worn)
Wands
 p - a wand of acid (4/15)
Scrolls
 e - 3 scrolls of identify {unknown}
 j - a scroll of enchant weapon {unknown}
 s - a scroll of noise {unknown}
 t - a scroll of blinking {unknown}
Potions
 d - 2 potions of might
 g - 2 potions of magic {unknown}
 h - 2 potions of brilliance {unknown}
 k - a potion of haste {unknown}
 m - a potion of invisibility {unknown}
 n - a potion of lignification {unknown}
 o - 2 potions of heal wounds {unknown}
Books
 u - a book of Cantrips

   Spells                             Type                      Level
   a - Confusing Touch                Hexes                        1
   b - Animate Skeleton               Necromancy                   1
   c - Summon Small Mammal            Summoning                    1
   d - Apportation                    Translocation                1
Comestibles
 f - 5 bread rations
 i - a chunk of flesh
 l - 2 meat rations
 q - 2 fruits
 r - a royal jelly


   Skills:
 - Level 3.2 Fighting
 + Level 3.7 Axes
 - Level 3.2 Armour
 + Level 5.3 Shields


You had 4 spell levels left.
You didn't know any spells.

Dungeon Overview and Level Annotations

Branches:
Dungeon (3/15)

Altars:
Cheibriados


Innate Abilities, Weirdness & Mutations

You cannot be hasted, slowed, berserked, paralysed or teleported.
You can dig through walls and to a lower floor.
Your four strong arms can wield two-handed weapons with a shield.
You have a pair of large antennae on your head. (SInv)


Message History

You hit the orc priest but do no damage.
The orc priest is severely wounded.
You slash the orc wizard!
The orc wizard points at you and mumbles some strange words.
You block the puff of frost. The orc wizard barely misses you.
The orc priest barely misses you.
You barely miss the orc priest.
The orc priest is severely wounded.
You slash the orc wizard!
You kill the orc wizard!
You have reached level 5!
You block the orc priest's attack.
The orc priest calls upon Beogh to heal the orc priest.
The orc priest is healed somewhat.
The orc priest hits you but does no damage.
You barely miss the orc priest.
The orc priest is moderately wounded.
The orc priest calls down the wrath of Beogh upon you.
Beogh smites you!
You die...

### #
..#.#
##.#.#
....
#.####.#
#.oo@)<#
######.#
....
##.##.#
#.# #
#.# #.#
#.#


You could see 2 orc priests.

Vanquished Creatures
  2 orc wizards (D:3)
  2 adders (D:2)
  A worm (D:2)
  5 dart slugs
  An orc (D:3)
  4 goblins
  2 hobgoblins
  A ball python (D:2)
  8 bats
  4 frilled lizards
  A kobold (D:1)
  A rat (D:1)
32 creatures vanquished.

Notes
Turn   | Place    | Note
-------+----------+-------------------------------------------
     0 | D:1      | Duffy the Formicid Fighter began the quest for the Orb.
     0 | D:1      | Reached XP level 1. HP: 18/18 MP: 1/1
   303 | D:1      | Reached XP level 2. HP: 24/24 MP: 2/2
   369 | D:1      | Reached skill level 4 in Shields
   649 | D:2      | Reached XP level 3. HP: 18/29 MP: 3/3
  1148 | D:2      | Reached XP level 4. HP: 35/35 MP: 4/4
  1344 | D:2      | Found a snail-covered altar of Cheibriados.
  1435 | D:3      | Reached skill level 5 in Shields
  1445 | D:3      | Reached XP level 5. HP: 12/41 MP: 5/5
  1446 | D:3      | Killed from afar by an orc priest

Vault maps used:
D:1:      saegor_arrival_simple_b
D:2:      lemuel_crystal_altar, first_bread, minmay_strange_pillars
D:3:      grunt_nemelex_the_gamble

Skill      XL: |  1  2  3  4 |
---------------+-------------+-----
Shields        | 4 5 |  5.3
Axes           | 3 |  3.7
Fighting       | |  3.2
Armour         | |  3.2

Action                   |  1- 3 |  4- 6 || total
-------------------------+-------+-------++-------
Melee: War axe           |   102 |    18 ||   120
  Eat: Chunk             |     1 |     1 ||     2
Armor: Scale mail        |    68 |     7 ||    75
Dodge: Dodged            |    41 |     6 ||    47
Block: Shield            |    64 |     9 ||    73
